 Dungeon Crawl Stone Soup version 0.31.0-12-g77e489cdc1 (webtiles) character file.

Game seed: 118454112194896814

1652 PriceMaster the Covert (level 8, 0/42 HPs)
             Began as a Spriggan Enchanter on Mar 3, 2024.
             Killed by divine providence
             ... invoked by an orc priest
              (11 damage)
             ... on level 6 of the Dungeon.
             The game lasted 00:22:23 (6848 turns).

PriceMaster the Covert (Spriggan Enchanter)         Turns: 6848, Time: 00:22:24

Health: 0/42       AC:  5    Str:  4    XL:     8   Next: 68%
Magic:  14/29      EV: 26    Int: 16    God:
Gold:   298        SH:  0    Dex: 18    Spells: 7/21 levels left

rFire   + . .        e - +2 spear (heavy)
rCold   . . .        (no shield)
rNeg    . . .        i - +2 robe {rF+}
rPois   .            (helmet restricted)
rElec   .            p - +0 cloak
rCorr   .            (gloves unavailable)
SInv    +            (boots unavailable)
Will    +....        n - amulet of magic regeneration
Stlth   ++++         d - +5 ring of evasion
HPRegen 0.27/turn    h - ring of magical power
MPRegen 0.61/turn

%: no passive effects
@: very quick
A: very small, no large weapons, unfitting armour, see invisible, speed 3
a: no special abilities


You were on level 6 of the Dungeon.
You visited 1 branch of the dungeon, and saw 6 of its levels.

You collected 298 gold pieces.

Inventory:

Hand Weapons
 a - a +1 dagger
 c - a +0 dagger of venom
 e - a +2 heavy spear (weapon)
Missiles
 s - a throwing net
Armour
 b - a +0 robe
 i - a +2 robe of fire resistance (worn)
 j - an orb of light
 p - a +0 cloak (worn)
Jewellery
 d - a +5 ring of evasion (left hand)
 h - a ring of magical power (right hand)
 m - an amulet of the acrobat
 n - an amulet of magic regeneration (around neck)
 t - a ring of poison resistance
Scrolls
 l - 2 scrolls of teleportation
 o - a scroll of poison
 w - a scroll of identify
Potions
 f - 2 potions of might {unknown}
 g - a potion of cancellation {unknown}
 r - 2 potions of degeneration {unknown}
 u - 4 potions of heal wounds {unknown}
 v - a potion of brilliance {unknown}


   Skills:
 * Level 3.8 Fighting
 + Level 3.8 Short Blades
 + Level 1.8 Polearms
 * Level 6.5 Dodging
 * Level 9.6 Stealth
 * Level 7.3 Spellcasting
 + Level 0.2 Conjurations
 + Level 5.6 Hexes
 + Level 1.0 Ice Magic
 + Level 0.4 Evocations


You had 7 spell levels left.
You knew the following spells:

 Your Spells              Type           Power      Damage    Failure   Level
a - Dazzling Flash        Conj/Hex       30%        N/A       11%         3
b - Ensorcelled Hibernat  Hex/Ice        32%        N/A       4%          2
c - Tukima's Dance        Hex            24%        N/A       3%          3
d - Confusing Touch       Hex            24%        N/A       3%          3
e - Frozen Ramparts       Ice            18%        1d3       24%         3

Your spell library contained the following spells:

 Spells                   Type           Power      Damage    Failure   Level
 Freeze                   Ice            36%        1d5       8%          1
 Kiss of Death            Conj/Necr      24%        2d7       12%         1
 Scorch                   Fire           10%        2d5       19%         2
 Hailstorm                Conj/Ice       7%         3d5       28%         3
 Dispel Undead            Necr           5%         3d7       75%         4
 Flame Wave               Conj/Fire      6%         2d5       75%         4
 Summon Cactus Giant      Summ           2%         N/A       100%        6


Dungeon Overview and Level Annotations

Branches:
Dungeon (6/15)
 Temple: D:4-7

Altars:
Nemelex Xobeh
Ru
Sif Muna

Shops:
D:1 (   D:5 (


Innate Abilities, Weirdness & Mutations

You are very small and have problems with some larger weapons.
You are too small for most types of armour.
You have supernaturally acute eyesight. (SInv)
You cover ground extremely quickly. (Speed+++)


Message History

Casting: Ensorcelled Hibernation (safe; 4% risk of failure)
Confirm with . or Enter, or press ? or * to list all spells.
Casting: Dazzling Flash (dangerous; 11% risk of failure)
Press: ? - help, Dir - look around, f - activate Look: an adder (heavily wounded, confused, slow, chance to dazzle: 64%)
The orc wizard is dazzled.
The iguana is dazzled.
The howler monkey is dazzled.
The orc is dazzled.
The wall freezes the howler monkey.
The wall freezes the adder but does no damage.
The adder bites the iguana.
The wall freezes the orc wizard.
The orc wizard points at you and mumbles some strange words.
The puff of flame misses you.
The wall freezes the orc but does no damage.
The wall freezes the howler monkey.
The wall freezes the iguana.
The iguana seems to slow down.
The iguana closely misses you.
Casting: Dazzling Flash (dangerous; 11% risk of failure)
Confirm with . or Enter, or press ? or * to list all spells.
Casting: Dazzling Flash (dangerous; 11% risk of failure)
Press: ? - help, Dir - look around, f - activate The orc wizard is dazzled.
The iguana is dazzled.
The orc is dazzled.
The frozen ramparts melt away.
The adder closely misses you.
The adder bites itself.
The orc wizard misses you. The howler monkey closely misses you.
Unknown command.
Casting: Dazzling Flash (dangerous; 11% risk of failure)
Confirm with . or Enter, or press ? or * to list all spells.
Casting: Dazzling Flash (dangerous; 11% risk of failure)
Press: ? - help, Dir - look around, f - activate
Okay, then.
Casting: Dazzling Flash (dangerous; 11% risk of failure)
Confirm with . or Enter, or press ? or * to list all spells.
Casting: Dazzling Flash (dangerous; 11% risk of failure)
Press: ? - help, Dir - look around, f - activate The orc wizard is dazzled.
The adder is dazzled.
The howler monkey is dazzled.
The orc is dazzled.
The howler monkey barely misses you.
The orc wizard gestures at you while chanting.
The magic dart hits you.
* * * LOW HITPOINT WARNING * * *
The orc priest calls down the wrath of Beogh upon you.
Beogh smites you!
You die...

#..........<####...)
#....(.........####.
#>)......o....l...).
##)########....$..##
#.# #.......# #.#
#.......##
##)########........#
#KhSlooo.o..$.......
#.o@##########.#....
##### ...#....
#.##....$ ..........
.......... !........
#.#######


You could see a kobold brigand, a howler monkey (blind, unable to see you), an
iguana (blind, unable to see you, slow), 2 orc priests, an orc wizard
(invisible, blind, unable to see you), an adder (confused, blind, unable to see
you, slow) and 2 orcs.

Vanquished Creatures
  Grinder (D:6)
  The ghost of superradish the Insei, an amateur OpSh (D:3)
  Sigmund (D:3)
  An ogre (D:5)
  A phantom (D:5)
  2 scorpions
  A howler monkey (D:5)
  A hound (D:5)
  A jelly (D:4)
  A gnoll bouda (D:5)
  3 iguanas
  3 orc wizards (D:5)
  13 gnolls
  2 adders
  2 ufetubi (D:5)
  A dart slug (D:3)
  13 orcs
  14 ball pythons
  4 endoplasms
  4 giant cockroaches
  11 goblins
  9 hobgoblins
  5 jackals
  A quokka (D:3)
  10 bats
  10 frilled lizards
  21 kobolds
  8 rats
145 creatures vanquished.

Vanquished Creatures (collateral kills)
  Edmund (D:6)
  A centaur (D:6)
  A gnoll sergeant (D:5)
  3 gnolls (D:5)
  An orc (D:6)
  A goblin (D:3)
  A kobold (D:3)
9 creatures vanquished.

Vanquished Creatures (others)
  14 dancing weapons
  An orc priest (D:6)
  An orc wizard (D:5)
  An orc (D:6)
  A kobold (D:6)
18 creatures vanquished.

Grand Total: 172 creatures vanquished

Notes
Turn   | Place    | Note
-------+----------+-------------------------------------------
     0 | D:1      | PriceMaster the Spriggan Enchanter began the quest for the
                  | Orb.
     0 | D:1      | Reached XP level 1. HP: 9/9 MP: 5/5
   275 | D:1      | Reached skill level 6 in Stealth
   275 | D:1      | Reached XP level 2. HP: 3/15 MP: 5/8
   512 | D:1      | Reached XP level 3. HP: 18/18 MP: 10/10
   583 | D:1      | Learned a level 3 spell: Dazzling Flash
  1118 | D:1      | Found Curph's Antique Weapon Emporium.
  2207 | D:2      | Reached XP level 4. HP: 23/23 MP: 11/11
  2210 | D:2      | Learned a level 2 spell: Ensorcelled Hibernation
  2243 | D:2      | Reached skill level 7 in Stealth
  2649 | D:2      | Learned a level 3 spell: Tukima's Dance
  2715 | D:3      | Noticed Sigmund
  2781 | D:3      | Killed Sigmund
  2782 | D:3      | Reached skill level 5 in Dodging
  2782 | D:3      | Reached XP level 5. HP: 22/27 MP: 2/13
  2785 | D:3      | Reached skill level 5 in Spellcasting
  2796 | D:3      | Reached XP level 6. HP: 29/32 MP: 4/14
  3195 | D:3      | Found a transporter.
  3202 | D:3      | Noticed superradish's ghost (amateur OpSh)
  3579 | D:3      | Found a transporter.
  3601 | D:3      | Learned a level 3 spell: Confusing Touch
  3915 | D:3      | Killed superradish's ghost
  3916 | D:3      | Reached skill level 8 in Stealth
  3922 | D:3      | Reached XP level 7. HP: 35/36 MP: 8/15
  4031 | D:4      | Found a shimmering blue altar of Sif Muna.
  4091 | D:4      | Reached skill level 5 in Hexes
  4618 | D:4      | Reached skill level 1 in Polearms
  4805 | D:4      | Found a sacrificial altar of Ru.
  4807 | D:4      | Found a sparkling altar of Nemelex Xobeh.
  4842 | D:5      | Entered Level 5 of the Dungeon
  5096 | D:5      | Found Ifakulirr's Weapon Shop.
  5679 | D:5      | Reached XP level 8. HP: 23/40 MP: 18/18
  5958 | D:5      | Reached skill level 9 in Stealth
  6610 | D:5      | Learned a level 3 spell: Frozen Ramparts
  6619 | D:6      | Noticed Grinder
  6654 | D:6      | Killed Grinder
  6655 | D:6      | Reached skill level 1 in Ice Magic
  6723 | D:6      | Noticed Edmund
  6778 | D:6      | Killed Edmund
  6833 | D:6      | HP: 1/42 [orc priest/divine providence (12)]
  6848 | D:6      | Killed from afar by an orc priest

Illustrated notes

Levels and vault maps discovered:
D:1:      minmay_arrival_shattered_statue, layout_basic, serial_shops,
          nicolae_lakefront_shop
D:2:      layout_basic
D:3:      minmay_skewed_foursquare, layout_rooms, gammafunk_ghost_arena,
          hangedman_glass_teeth, hangedman_decor_points, minmay_between,
          uniq_sigmund
D:4:      layout_rooms, minitemple, lemuel_blue_sif_altar
D:5:      layout_loops_corners, serial_shops, nicolae_shop_bloodbath_and_beyond,
          minmay_lizard_king
D:6:      layout_rooms, uniq_edmund, uniq_grinder

Skill      XL: |  1  2  3  4  5  6  7  8 |
---------------+-------------------------+-----
Fighting       | 2 3 |  3.8
Short Blades   | 3 |  3.8
Dodging        | 4 5 6 |  6.5
Stealth        | 6 7 8 9 |  9.6
Spellcasting   | 4 5 6 7 |  7.3
Hexes          | 4 5 |  5.6
Polearms       | 1 |  1.8
Ice Magic      | 1 |  1.0
Conjurations   | |  0.2
Evocations     | |  0.4

Action                     |  1- 3 |  4- 6 |  7- 9 || total
---------------------------+-------+-------+-------++-------
  Melee: Dagger            |   146 |    98 |    22 ||   266
         Punch             |     2 |       |     6 ||     8
         Spear             |       |       |   219 ||   219
   Cast: Dazzling Flash    |     9 |     7 |    27 ||    43
         Ensorcelled Hiber |       |    18 |    25 ||    43
         Tukima's Dance    |       |     7 |    46 ||    53
         Confusing Touch   |       |       |    24 ||    24
         Frozen Ramparts   |       |       |     8 ||     8
  Evoke: Wand              |       |     4 |     8 ||    12
    Use: Potion            |     1 |     3 |     3 ||     7
         Scroll            |       |     7 |     3 ||    10
   Stab: Sleeping          |    16 |    15 |    11 ||    42
         Invisible         |     3 |     6 |     8 ||    17
         Distracted        |     1 |       |     1 ||     2
         Confused          |       |       |    18 ||    18
 Armour: Robe              |    25 |    21 |    80 ||   126
  Dodge: Dodged            |   120 |   158 |   410 ||   688
